 Dungeon Crawl Stone Soup version 0.28.0-47-ge53b351184 (webtiles) character file.

Game seed: 2226946807665612466

4 Cak3Hol3 the Caller (level 1, 0/10 HPs)
             Began as a Tengu Summoner on May 4, 2022.
             Slain by a jackal (2 damage)
             ... on level 1 of the Dungeon.
             The game lasted 00:02:16 (447 turns).

Cak3Hol3 the Caller (Tengu Summoner)                 Turns: 447, Time: 00:02:16

Health: 0/10       AC:  2    Str:  8    XL:     1   Next: 60%
Magic:  1/4        EV: 12    Int: 15    God:
Gold:   22         SH:  0    Dex: 14    Spells: 3/4 levels left

rFire   . . .      SeeInvis .   (no weapon)
rCold   . . .      Faith    .   (no shield)
rNeg    . . .      Spirit   .   a - +0 robe
rPois   .          Reflect  .   (helmet restricted)
rElec   .          Harm     .   (no cloak)
rCorr   .          Rampage  .   (no gloves)
Will    .....                   (boots unavailable)
Stlth   ++........              (no amulet)
HPRegen 0.03/turn               (no ring)
MPRegen 0.09/turn               (no ring)

@: no status effects
A: beak, talons 3
a: no special abilities


You were on level 1 of the Dungeon.
You visited 1 branch of the dungeon, and saw 1 of its levels.

You collected 22 gold pieces.

Inventory:

Armour
 a - a +0 robe (worn)
Jewellery
 b - a ring of protection from cold
Potions
 c - a potion of attraction {unknown}


   Skills:
 * Level 2.1 Dodging
 + Level 2.0 Stealth
 + Level 2.0 Spellcasting
 * Level 5.1 Summonings


You had 3 spell levels left.
You knew the following spells:

 Your Spells              Type           Power      Damage    Failure   Level
a - Summon Small Mammal   Summ           64%        N/A       2%          1

Your spell library contained the following spells:

 Spells                   Type           Power      Damage    Failure   Level
 Call Imp                 Summ           16%        N/A       4%          2
 Call Canine Familiar     Summ           16%        N/A       9%          3
 Summon Guardian Golem    Hex/Summ       9%         N/A       24%         3
 Summon Lightning Spire   Summ/Air       9%         N/A       61%         4


Dungeon Overview and Level Annotations

Branches:
Dungeon (1/15)

Altars:


Innate Abilities, Weirdness & Mutations

You have a beak for a mouth.
You have claws for feet.


Message History

A goblin comes into view. It is wielding a +0 dagger.
Your bat barely misses the jackal.
Your bat closely misses the jackal.
The jackal bites you.
Your bat misses the jackal.
Your bat closely misses the jackal.
Your bat closely misses the jackal.
Your bat hits the jackal but does no damage. x2
Things that are here:
a ring of protection from cold; a grey potion
b - a ring of protection from cold;
c - a grey potion The jackal bites your bat.
Your bat misses the jackal. The jackal barely misses you.
The goblin shouts!
Your bat hits the jackal but does no damage.
Your bat closely misses the jackal.
Your bat misses the jackal. The jackal bites you.
The goblin hits you with a +0 dagger.
* * * LOW HITPOINT WARNING * * *
Your bat barely misses the jackal.
Your bat closely misses the jackal.
The quokka barely misses you.
The quokka twitches its whiskers.
The quokka closely misses you.
Casting: Summon Small Mammal (safe; 2% risk of failure)
Press: ? - help, Q - select action Dir - look around, f - activate The goblin completely misses you.
Your bat hits the goblin but does no damage.
The quokka barely misses you.
You swap places.
Your bat closely misses the goblin.
Your bat barely misses the goblin.
The jackal closely misses you. The goblin closely misses your quokka.
Your bat hits the goblin but does no damage.
The quokka bites your quokka but does no damage.
The jackal barely misses you.
Your quokka bites the jackal.
Casting: Summon Small Mammal (safe; 2% risk of failure)
Press: ? - help, Q - select action Dir - look around, f - activate Your bat disappears in a puff of smoke!
The goblin barely misses your quokka.
The jackal bites you but does no damage.
The quokka barely misses your quokka.
Your quokka bites the jackal.
The jackal bites you.
You die...

.........#...#..
..........#...#...#.
............#...#...#
..........#...#...#..
..........$.#...#...#.
.......g..#...#...#...#.
........h...#...#...#..#
#...hhr....#...#.....
##..@rg#.....#.......
#####r§#b.b$.......
####.#....##....#
..........##...###
#.............'..
#.##......#...### ..
##..........##
.......#.##.......
...#####..##......


You could see a quokka, 3 jackals, 2 goblins and 2 friendly quokkas.

Vanquished Creatures (collateral kills)
  An endoplasm (D:1)
  A giant cockroach (D:1)
  A hobgoblin (D:1)
3 creatures vanquished.

Notes
Turn   | Place    | Note
-------+----------+-------------------------------------------
     0 | D:1      | Cak3Hol3 the Tengu Summoner began the quest for the Orb.
     0 | D:1      | Reached XP level 1. HP: 10/10 MP: 4/4
    42 | D:1      | Reached skill level 5 in Summonings
   447 | D:1      | Slain by a jackal

Illustrated notes

Levels and vault maps discovered:
D:1:      evilmike_arrival_plus, layout_rooms, serial_shops,
          nicolae_lakefront_shop, ebering_ecumenical_altar_box, hex_medium

Skill      XL: |  1 |
---------------+----+-----
Summonings     | 5 |  5.1
Dodging        | |  2.1
Stealth        | |  2.0
Spellcasting   | |  2.0

Action                   || total
-------------------------++-------
Melee: Unarmed           ||     9
       Kick              ||     1
       Peck              ||     1
 Cast: Summon Small Mamm ||     8
Armor: Robe              ||     5
Dodge: Dodged            ||    13
